NCAA
MARYLAND TERRAPINS @ VIRGINIA TECH HOKIES
05/05/2030
 
TOP OF THE 1ST
Maryland Terrapins batting - Pitching for Virginia Tech Hokies : RHP Darrell Helms
Pitching: RHP Darrell Helms
Batting: SHB Philippe Paquin 0-0: Ball
1-0: Ball
2-0: Ball
3-0: Called Strike
3-1: Foul Ball, location: 2F
3-2: Foul Ball, location: 2F
3-2: Foul Ball, location: 2F
3-2: Foul Ball, location: 2F
3-2: Base on Balls
Batting: RHB José Lazu 0-0: Ball
1-0: Called Strike
1-1: Ball
2-1: Fly out, F7 (Flyball, 78S)
Lined into DP, 7-3 (Flyball, 78S)
Batting: RHB Jeff O'Day 0-0: Swinging Strike
0-1: Called Strike
0-2: Foul Ball, location: 2F
0-2: Strikes out swinging
Top of the 1st over - 0 runs, 0 hits, 0 errors, 0 left on base; Maryland 0 - Virginia Tech 0
BOTTOM OF THE 1ST
Virginia Tech Hokies batting - Pitching for Maryland Terrapins : RHP Jeremiah Clark
Pitching: RHP Jeremiah Clark
Batting: LHB David Ortega 0-0: Ball
1-0: Foul Ball, location: 2F
1-1: Called Strike
1-2: Ball
2-2: SINGLE (Groundball, 5D)
Batting: SHB Daniel Lee 0-0: Ball
David Ortega steals 2nd base
1-0: Foul Ball, location: 2F
1-1: Foul Ball, location: 2F
1-2: Ball
2-2: Ball
3-2: Ground out 4-3 (Groundball, 4D)
David Ortega to third
Batting: RHB Eric Clay 0-0: Called Strike
0-1: Swinging Strike
0-2: Ball
1-2: Strikes out swinging
Batting: RHB Octávio Ramérez 0-0: Ball
1-0: Fly out, F5 (Line Drive, 5)
Bottom of the 1st over - 0 runs, 1 hit, 0 errors, 1 left on base; Maryland 0 - Virginia Tech 0
TOP OF THE 2ND
Maryland Terrapins batting - Pitching for Virginia Tech Hokies : RHP Darrell Helms
Batting: RHB Kris Brown 0-0: Ground out 6-3 (Groundball, 6M)
Batting: LHB Charlie Johnston 0-0: Called Strike
0-1: Ball
1-1: Fly out, F6 (Popup, 6D)
Batting: LHB Winston Roberts 0-0: Called Strike
0-1: Ball
1-1: Ball
2-1: Foul Ball, location: 2F
2-2: Ball
3-2: Base on Balls
Batting: RHB Fred Taylor 0-0: Swinging Strike
0-1: Ball
Winston Roberts steals 2nd base
1-1: Called Strike
1-2: Ball
2-2: Strikes out swinging
Top of the 2nd over - 0 runs, 0 hits, 0 errors, 1 left on base; Maryland 0 - Virginia Tech 0
BOTTOM OF THE 2ND
Virginia Tech Hokies batting - Pitching for Maryland Terrapins : RHP Jeremiah Clark
Batting: RHB Dusty Green 0-0: Ball
1-0: Foul Ball, location: 2F
1-1: Ground out 5-3 (Groundball, 56)
Batting: LHB Ben Webb 0-0: Fly out, F9 (Flyball, 89M)
Batting: RHB Jake Holmes 0-0: Ball
1-0: Ball
2-0: Called Strike
2-1: SINGLE (Groundball, 56D)
Batting: SHB Junior Campbell 0-0: Ball
1-0: Fly out, F7 (Flyball, 7LS)
Bottom of the 2nd over - 0 runs, 1 hit, 0 errors, 1 left on base; Maryland 0 - Virginia Tech 0
TOP OF THE 3RD
Maryland Terrapins batting - Pitching for Virginia Tech Hokies : RHP Darrell Helms
Batting: RHB Les McCarty 0-0: Called Strike
0-1: Ground out 6-3 (Groundball, 6)
Batting: RHB Ben Barnes 0-0: Ball
1-0: SINGLE (Line Drive, 6M)
Batting: SHB Philippe Paquin 0-0: Ball
1-0: Foul Ball, location: 2F
1-1: Ball
2-1: Ball
3-1: Base on Balls
Ben Barnes to second
Batting: RHB José Lazu 0-0: Called Strike
0-1: Ball
1-1: Ball
2-1: Swinging Strike
2-2: Foul Ball, location: 2F
2-2: Foul Ball, location: 2F
2-2: Strikes out swinging
Batting: RHB Jeff O'Day 0-0: Foul Ball, location: 2F
0-1: Called Strike
0-2: Ball
1-2: Foul Ball, location: 2F
1-2: Ball
Wild Pitch!
Ben Barnes to third
Philippe Paquin to second
2-2: Foul Ball, location: 2F
2-2: Strikes out swinging
Top of the 3rd over - 0 runs, 1 hit, 0 errors, 2 left on base; Maryland 0 - Virginia Tech 0
BOTTOM OF THE 3RD
Virginia Tech Hokies batting - Pitching for Maryland Terrapins : RHP Jeremiah Clark
Batting: RHB Tim Wise 0-0: Called Strike
0-1: SINGLE (Groundball, 56D)
Batting: LHB David Ortega 0-0: Called Strike
0-1: Called Strike
0-2: Ball
1-2: Ball
2-2: Fly out, F6 (Line Drive, 6)
Batting: SHB Daniel Lee 0-0: Ball
1-0: Ball
2-0: Ball
3-0: Base on Balls
Tim Wise to second
Batting: RHB Eric Clay 0-0: Called Strike
0-1: Foul Ball, location: 2F
0-2: Ball
1-2: Fielders Choice at 2nd, 1-4 (Groundball, 15)
Tim Wise to third
Batting: RHB Octávio Ramérez 0-0: Ball
1-0: Called Strike
1-1: Foul Ball, location: 2F
1-2: Strikes out swinging
Bottom of the 3rd over - 0 runs, 1 hit, 0 errors, 2 left on base; Maryland 0 - Virginia Tech 0
TOP OF THE 4TH
Maryland Terrapins batting - Pitching for Virginia Tech Hokies : RHP Darrell Helms
Batting: RHB Kris Brown 0-0: Called Strike
0-1: Ball
1-1: Foul Ball, location: 2F
1-2: Ball
2-2: Ball
3-2: Strikes out swinging
Batting: LHB Charlie Johnston 0-0: Ground out 4-3 (Groundball, 4)
Batting: LHB Winston Roberts 0-0: Called Strike
0-1: Ball
1-1: Foul Ball, location: 2F
1-2: Fly out, F8 (Flyball, 89D)
Top of the 4th over - 0 runs, 0 hits, 0 errors, 0 left on base; Maryland 0 - Virginia Tech 0
BOTTOM OF THE 4TH
Virginia Tech Hokies batting - Pitching for Maryland Terrapins : RHP Jeremiah Clark
Batting: RHB Dusty Green 0-0: Swinging Strike
0-1: Ball
1-1: Ball
2-1: Swinging Strike
2-2: Fly out, F3 (Line Drive, 3S)
Batting: LHB Ben Webb 0-0: Called Strike
0-1: Ball
1-1: Ball
2-1: Foul Ball, location: 2F
2-2: Ball
3-2: Strikes out swinging
Batting: RHB Jake Holmes 0-0: Ball
1-0: Foul Ball, location: 2F
1-1: Ball
2-1: Ball
3-1: Base on Balls
Batting: SHB Junior Campbell 0-0: Ball
1-0: Ball
2-0: Called Strike
2-1: Fly out, F7 (Flyball, 7D)
Bottom of the 4th over - 0 runs, 0 hits, 0 errors, 1 left on base; Maryland 0 - Virginia Tech 0
TOP OF THE 5TH
Maryland Terrapins batting - Pitching for Virginia Tech Hokies : RHP Darrell Helms
Batting: RHB Fred Taylor 0-0: Ball
1-0: Ground out 6-3 (Groundball, 6)
Batting: RHB Les McCarty 0-0: Called Strike
0-1: Ball
1-1: DOUBLE (Line Drive, 7)
Batting: RHB Ben Barnes 0-0: Called Strike
0-1: Ball
1-1: Ball
2-1: Ball
3-1: Swinging Strike
3-2: Strikes out swinging
Batting: SHB Philippe Paquin 0-0: Ball
1-0: Foul Ball, location: 2F
1-1: Ball
2-1: Ball
3-1: Ground out 6-3 (Groundball, 56)
Top of the 5th over - 0 runs, 1 hit, 0 errors, 1 left on base; Maryland 0 - Virginia Tech 0
BOTTOM OF THE 5TH
Virginia Tech Hokies batting - Pitching for Maryland Terrapins : RHP Jeremiah Clark
Batting: RHB Tim Wise 0-0: Fly out, F6 (Line Drive, 6)
Batting: LHB David Ortega 0-0: Called Strike
0-1: SINGLE (Line Drive, 6D)
Batting: SHB Daniel Lee 0-0: Ball
1-0: Swinging Strike
1-1: Called Strike
1-2: Ball
2-2: Foul Ball, location: 2F
2-2: Strikes out looking
Batting: RHB Eric Clay 0-0: Called Strike
0-1: SINGLE (Groundball, 6D)
David Ortega to second
Batting: RHB Octávio Ramérez 0-0: Ball
1-0: Called Strike
1-1: DOUBLE (Flyball, 8LXD)
David Ortega scores
Eric Clay to third
Runner from 3rd tries for Home, SAFE, no throw
Pitching: RHP Ralph Clayton
Batting: RHB Dusty Green 0-0: Ball
1-0: Ball
2-0: Ball
3-0: Base on Balls
Batting: LHB Ben Webb 0-0: Ball
1-0: Fielders Choice at 2nd, 6-4 (Groundball, 6)
Bottom of the 5th over - 2 runs, 3 hits, 0 errors, 2 left on base; Maryland 0 - Virginia Tech 2
TOP OF THE 6TH
Maryland Terrapins batting - Pitching for Virginia Tech Hokies : RHP Darrell Helms
Pitching: RHP Zack Quintero
Batting: RHB José Lazu 0-0: Ball
1-0: Swinging Strike
1-1: Swinging Strike
1-2: Ball
2-2: Strikes out swinging
Batting: RHB Jeff O'Day 0-0: Ball
1-0: Fly out, F7 (Flyball, 7S)
Batting: RHB Kris Brown 0-0: Called Strike
0-1: Ball
1-1: Foul Ball, location: 2F
1-2: Strikes out swinging
Top of the 6th over - 0 runs, 0 hits, 0 errors, 0 left on base; Maryland 0 - Virginia Tech 2
BOTTOM OF THE 6TH
Virginia Tech Hokies batting - Pitching for Maryland Terrapins : RHP Ralph Clayton
Batting: RHB Jake Holmes 0-0: Ball
1-0: Foul Ball, location: 2F
1-1: Called Strike
1-2: Ball
2-2: Strikes out swinging
Batting: SHB Junior Campbell 0-0: Called Strike
0-1: SINGLE (Flyball, 89M)
Batting: RHB Tim Wise 0-0: Ball
1-0: Foul Ball, location: 2F
1-1: Foul Ball, location: 2F
1-2: Ball
2-2: Ball
3-2: Grounds into double play, 6-4-3 (Groundball, 6M)
Bottom of the 6th over - 0 runs, 1 hit, 0 errors, 0 left on base; Maryland 0 - Virginia Tech 2
TOP OF THE 7TH
Maryland Terrapins batting - Pitching for Virginia Tech Hokies : RHP Zack Quintero
Batting: LHB Charlie Johnston 0-0: Ball
1-0: SOLO HOME RUN (Flyball, 89XD), Distance : 366 ft
Batting: LHB Winston Roberts 0-0: Ball
1-0: Ball
2-0: Ball
3-0: Called Strike
3-1: Ground out 4-3 (Groundball, 34D)
Batting: RHB Fred Taylor 0-0: Ball
1-0: Ball
2-0: Ball
3-0: Called Strike
3-1: Foul Ball, location: 2F
3-2: Ground out 6-3 (Groundball, 6)
Batting: RHB Les McCarty 0-0: Called Strike
0-1: Called Strike
0-2: Strikes out swinging
Top of the 7th over - 1 run, 1 hit, 0 errors, 0 left on base; Maryland 1 - Virginia Tech 2
BOTTOM OF THE 7TH
Virginia Tech Hokies batting - Pitching for Maryland Terrapins : RHP Ralph Clayton
Pitching: LHP Eugene Hernández
Batting: LHB David Ortega 0-0: Ball
1-0: Called Strike
1-1: Foul Ball, location: 2F
1-2: Ball
2-2: Ball
3-2: Base on Balls
Pitching: RHP Álex Crus
Batting: SHB Daniel Lee 0-0: Ball
1-0: Foul Ball, location: 2F
1-1: Called Strike
1-2: Ball
2-2: SINGLE (Line Drive, 8RS)
David Ortega to second
Batting: RHB Eric Clay 0-0: Called Strike
0-1: Ball
1-1: Ball
2-1: Ball
3-1: Base on Balls
David Ortega to third
Daniel Lee to second
Batting: RHB Octávio Ramérez 0-0: Ball
1-0: Ball
2-0: Foul Ball, location: 2F
2-1: Ball
3-1: Swinging Strike
3-2: Foul Ball, location: 2F
3-2: Strikes out swinging
Batting: RHB Dusty Green 0-0: Called Strike
0-1: Ball
1-1: SINGLE (Line Drive, 34)
David Ortega scores
Daniel Lee to third
Eric Clay to second
Batting: LHB Ben Webb 0-0: Ball
1-0: Called Strike
1-1: Ball
2-1: Foul Ball, location: 2F
2-2: Ball
3-2: Foul Ball, location: 2F
3-2: SINGLE (Line Drive, 89M)
Daniel Lee scores
Eric Clay to third
Dusty Green to second
Batting: RHB Jake Holmes 0-0: Ball
1-0: Ball
2-0: Called Strike
2-1: Grounds into fielders choice 4-2 (Groundball, 4)
Dusty Green to third
Ben Webb to second
Batting: SHB Junior Campbell 0-0: Swinging Strike
0-1: Swinging Strike
0-2: Foul Ball, location: 2F
0-2: Strikes out swinging
Bottom of the 7th over - 2 runs, 3 hits, 0 errors, 3 left on base; Maryland 1 - Virginia Tech 4
TOP OF THE 8TH
Maryland Terrapins batting - Pitching for Virginia Tech Hokies : RHP Zack Quintero
Batting: RHB Ben Barnes 0-0: Ball
1-0: Ball
2-0: Ground out 6-3 (Groundball, 6S)
Batting: SHB Philippe Paquin 0-0: Ball
1-0: Called Strike
1-1: Ball
2-1: Foul Ball, location: 2F
2-2: Ball
3-2: Base on Balls
Batting: RHB José Lazu 0-0: Ball
1-0: Ball
2-0: Ball
3-0: Called Strike
3-1: SINGLE (Groundball, 4) (infield hit)
Philippe Paquin to second
Batting: RHB Jeff O'Day 0-0: Foul Ball, location: 2F
0-1: 3-RUN HOME RUN (Flyball, 7LD), Distance : 328 ft
Pitching: RHP Ed Velásquez
Batting: RHB Kris Brown 0-0: Ball
1-0: Ball
2-0: Fly out, F7 (Line Drive, 78M)
Batting: LHB Charlie Johnston 0-0: Ball
1-0: Foul Ball, location: 2F
1-1: Ball
2-1: Ball
3-1: Foul Ball, location: 2F
3-2: Foul Ball, location: 2F
3-2: Foul Ball, location: 2F
3-2: Foul Ball, location: 2F
3-2: Strikes out looking
Top of the 8th over - 3 runs, 2 hits, 0 errors, 0 left on base; Maryland 4 - Virginia Tech 4
BOTTOM OF THE 8TH
Virginia Tech Hokies batting - Pitching for Maryland Terrapins : RHP Álex Crus
Pinch Hitting: RHB Elliott Short 0-0: Ball
1-0: Ground out 4-3 (Groundball, 4)
Batting: LHB David Ortega 0-0: Called Strike
0-1: Ball
1-1: Ball
2-1: SINGLE (Groundball, 6D)
Batting: SHB Daniel Lee 0-0: Ball
1-0: Called Strike
1-1: Ball
2-1: Ball
3-1: Base on Balls
David Ortega to second
Batting: RHB Eric Clay 0-0: Called Strike
0-1: Called Strike
0-2: Strikes out swinging
Batting: RHB Octávio Ramérez 0-0: Ball
1-0: Foul Ball, location: 2F
1-1: Ball
2-1: Swinging Strike
2-2: Strikes out looking
Bottom of the 8th over - 0 runs, 1 hit, 0 errors, 2 left on base; Maryland 4 - Virginia Tech 4
TOP OF THE 9TH
Maryland Terrapins batting - Pitching for Virginia Tech Hokies : RHP Ed Velásquez
Now at 3B: Rick Bascombe
Batting: LHB Winston Roberts 0-0: Fly out, F8 (Line Drive, 8LD)
Batting: RHB Fred Taylor 0-0: Called Strike
0-1: Called Strike
0-2: Foul Ball, location: 2F
0-2: Ground out 6-3 (Groundball, 6)
Pinch Hitting: LHB Michael Wilson 0-0: Ground out U3 (Groundball, 34)
Top of the 9th over - 0 runs, 0 hits, 0 errors, 0 left on base; Maryland 4 - Virginia Tech 4
BOTTOM OF THE 9TH
Virginia Tech Hokies batting - Pitching for Maryland Terrapins : RHP Álex Crus
Now at 1B: Michael Wilson
Batting: RHB Dusty Green 0-0: Swinging Strike
0-1: Foul Ball, location: 2F
0-2: Foul Ball, location: 2F
0-2: Ball
1-2: Strikes out looking
Batting: LHB Ben Webb 0-0: Ball
1-0: Fly out, F7 (Flyball, 78S)
Batting: RHB Jake Holmes 0-0: Ball
1-0: DOUBLE (Line Drive, 7LS)
Batting: SHB Junior Campbell 0-0: Intentional Walk
Pitching: LHP John Peters
Pinch Hitting: RHB Ted Stout 0-0: Foul Ball, location: 2F
0-1: Ball
Wild Pitch!
Jake Holmes to third
Junior Campbell to second
1-1: Swinging Strike
1-2: Strikes out swinging
Bottom of the 9th over - 0 runs, 1 hit, 0 errors, 2 left on base; Maryland 4 - Virginia Tech 4
TOP OF THE 10TH
Maryland Terrapins batting - Pitching for Virginia Tech Hokies : RHP Ed Velásquez
Now at C: Luke McCallum
Batting: RHB Ben Barnes 0-0: Ground out 5-3 (Groundball, 56S)
Batting: SHB Philippe Paquin 0-0: Called Strike
0-1: Foul Ball, location: 2F
0-2: Foul Ball, location: 2F
0-2: Ball
1-2: Fly out, F8 (Line Drive, 8LD)
Batting: RHB José Lazu 0-0: Called Strike
0-1: Called Strike
0-2: Ball
1-2: Foul Ball, location: 2F
1-2: Foul Ball, location: 2F
1-2: Fly out, F4 (Line Drive, 4)
Top of the 10th over - 0 runs, 0 hits, 0 errors, 0 left on base; Maryland 4 - Virginia Tech 4
BOTTOM OF THE 10TH
Virginia Tech Hokies batting - Pitching for Maryland Terrapins : LHP John Peters
Batting: LHB David Ortega 0-0: Called Strike
0-1: Ball
1-1: Swinging Strike
1-2: Foul Ball, location: 2F
1-2: Strikes out looking
Batting: SHB Daniel Lee 0-0: Ball
1-0: Swinging Strike
1-1: Ball
2-1: Foul Ball, location: 2F
2-2: Strikes out swinging
Batting: RHB Eric Clay 0-0: Called Strike
0-1: Called Strike
0-2: Ball
1-2: Ball
2-2: Ground out 4-3 (Groundball, 4)
Bottom of the 10th over - 0 runs, 0 hits, 0 errors, 0 left on base; Maryland 4 - Virginia Tech 4
TOP OF THE 11TH
Maryland Terrapins batting - Pitching for Virginia Tech Hokies : RHP Ed Velásquez
Batting: RHB Jeff O'Day 0-0: TRIPLE (Flyball, 8RXD)
Batting: RHB Kris Brown 0-0: Called Strike
0-1: Fly out, F6 (Line Drive, 6M)
Lined into DP, 6-5 (Line Drive, 6M)
Batting: LHB Charlie Johnston 0-0: SINGLE (Line Drive, 4MD)
Pitching: RHP Don Watts
Pinch Runner at 1st Mike Weeks:
Batting: LHB Winston Roberts 0-0: Ball
1-0: Called Strike
Mike Weeks steals 2nd base
1-1: Ball
2-1: Ball
3-1: DOUBLE (Line Drive, 7LM)
Mike Weeks scores
Batting: RHB Fred Taylor 0-0: Fly out, F7 (Flyball, 7)
Top of the 11th over - 1 run, 3 hits, 0 errors, 1 left on base; Maryland 5 - Virginia Tech 4
BOTTOM OF THE 11TH
Virginia Tech Hokies batting - Pitching for Maryland Terrapins : LHP John Peters
Now in CF: Mike Weeks
Batting: RHB Octávio Ramérez 0-0: Called Strike
0-1: Foul Ball, location: 2F
0-2: Ball
1-2: Strikes out looking
Batting: RHB Dusty Green 0-0: Foul Ball, location: 2F
0-1: Ball
1-1: Ball
2-1: SINGLE (Groundball, 56D)
Batting: LHB Ben Webb 0-0: Ball
1-0: Foul Ball, location: 2F
1-1: Swinging Strike
1-2: Ball
2-2: Ball
3-2: Strikes out looking
Batting: RHB Jake Holmes 0-0: Fly out, F9 (Flyball, 9LM)
Bottom of the 11th over - 0 runs, 1 hit, 0 errors, 1 left on base; Maryland 5 - Virginia Tech 4
Saturday, April 7th, 2018 - OOTP Baseball 18.8 Build 76